 Dungeon Crawl Stone Soup version 0.29-a0-330-g52719c12eb (webtiles) character file.

Game seed: 16819975908175221322

53 kae the Firebug (level 3, 0/22 HPs)
             Began as an Octopode Fire Elementalist on Apr 16, 2022.
             Slain by a bat (1 damage)
             ... on level 2 of the Dungeon.
             The game lasted 00:00:29 (1406 turns).

kae the Firebug (Octopode Fire Elementalist)        Turns: 1406, Time: 00:00:29

Health: 0/22       AC:  1    Str:  7    XL:     3   Next: 89%
Magic:  0/6        EV: 13    Int: 19    God:
Gold:   79         SH:  0    Dex: 12    Spells: 0/6 levels left

rFire   . . .      SeeInvis .   (no weapon)
rCold   . . .      Faith    .   (no shield)
rNeg    + . .      Spirit   .   (helmet restricted)
rPois   .          Reflect  .   (no amulet)
rElec   .          Harm     .   g - ring of positive energy
rCorr   .          Rampage  .   (no ring)
Will    .....                   (no ring)
Stlth   +++.......              (no ring)
HPRegen 0.07/turn               (no ring)
MPRegen 0.10/turn               (no ring)
                                (no ring)
                                (no ring)

@: mighty
A: almost no armour, amphibious, 8 rings, camouflage 1, gelatinous body 1,
(nimble swimmer 1), tentacles
a: no special abilities


You were on level 2 of the Dungeon.
You visited 1 branch of the dungeon, and saw 2 of its levels.

You collected 79 gold pieces.

Inventory:

Jewellery
 g - a ring of positive energy (left tentacle)
Scrolls
 b - a scroll of teleportation {unknown}
 d - a scroll of identify {unknown}
 e - a scroll of fog {unknown}
 h - a scroll of holy word {unknown}
 i - a scroll of summoning {unknown}
Potions
 a - a potion of magic
 f - a potion of curing {unknown}


   Skills:
 + Level 0.9 Fighting
 + Level 2.2 Dodging
 + Level 3.4 Stealth
 + Level 2.3 Spellcasting
 + Level 1.5 Conjurations
 * Level 3.6 Fire Magic


You couldn't memorise any spells.
You knew the following spells:

 Your Spells              Type           Power      Damage    Failure   Level
a - Foxfire               Conj/Fire      44%        2x1d6     6%          1
b - Scorch                Fire           30%        2d6       5%          2
c - Conjure Flame         Conj/Fire      11%        6-21      17%         3

Your spell library contained the following spells:

 Spells                   Type           Power      Damage    Failure   Level
 Inner Flame              Hex/Fire       9%         N/A       24%         3
 Flame Wave               Conj/Fire      11%        2d5       50%         4
 Cause Fear               Hex            1%         N/A       86%         4
 Discord                  Hex            1%         N/A       100%        8


Dungeon Overview and Level Annotations

Branches:
Dungeon (2/15)

Altars:


Innate Abilities, Weirdness & Mutations

You cannot wear most types of armour.
You are amphibious.
You can wear up to eight rings at the same time.
Your skin changes colour to match your surroundings (Stealth+).
Your rubbery body absorbs attacks. (AC +1, EV +1)
((You are camouflaged when in or above water. (Stealth+)))
You have tentacles for arms and can constrict up to eight enemies at once.


Message History

Confirm with . or Enter, or press ? or * to list all spells.
You conjure some foxfire!
A hobgoblin comes into view.
The foxfire hits Terence but does no damage.
Terence is moderately wounded.
The foxfire hits Terence.
Terence is moderately wounded.
There are monsters nearby!
Casting: Foxfire (safe; 6% risk of failure)
Confirm with . or Enter, or press ? or * to list all spells.
You conjure some foxfire!
The bat closely misses you.
A hobgoblin comes into view.
Terence hits you with a +1 antimagic mace!
You feel your power leaking away.
The foxfire hits Terence.
Terence is severely wounded.
The foxfire hits Terence.
Terence is almost dead.
The bat hits you but does no damage.
Terence hits you with a +1 antimagic mace.
* * * LOW HITPOINT WARNING * * *
You feel your power leaking away.
Casting: Foxfire (safe; 6% risk of failure)
Confirm with . or Enter, or press ? or * to list all spells.
You don't have enough magic to cast this spell.
Unknown command.
It was a potion of might.
You feel very mighty all of a sudden. The bat barely misses you.
Terence hits you with a +1 antimagic mace.
* * * LOW HITPOINT WARNING * * *
You bludgeon Terence!
You kill Terence!
The jelly hits you but does no damage. The bat barely misses you.
You bludgeon the jelly!
Your tentacles burn!
* * * LOW HITPOINT WARNING * * *
You squeeze the jelly!
You kill the jelly!
The bat hits you.
You die...

#.# #
####.# .
#....#
#.#.####
#.###.#.#
#.....#'##
#...#
#...#
#.@.#
......b..#
.....g..##
........+
...g....#
.......$#
........#
........#


You could see 2 hobgoblins and a bat.

Vanquished Creatures
  A jelly (D:2)
  Terence (D:2)
  2 dart slugs (D:1)
  2 ball pythons (D:1)
  4 endoplasms (D:1)
  3 giant cockroaches
  A hobgoblin (D:1)
  A quokka (D:1)
  3 bats (D:1)
  5 kobolds (D:1)
  2 rats (D:1)
25 creatures vanquished.

Vanquished Creatures (others)
  114 foxfires
114 creatures vanquished.

Grand Total: 139 creatures vanquished

Notes
Turn   | Place    | Note
-------+----------+-------------------------------------------
     0 | D:1      | kae the Octopode Fire Elementalist began the quest for the
                  | Orb.
     0 | D:1      | Reached XP level 1. HP: 11/11 MP: 3/3
   298 | D:1      | Reached XP level 2. HP: 15/17 MP: 0/5
  1051 | D:1      | Reached XP level 3. HP: 22/22 MP: 2/6
  1054 | D:1      | Learned a level 2 spell: Scorch
  1058 | D:1      | Learned a level 3 spell: Conjure Flame
  1393 | D:2      | Noticed Terence
  1405 | D:2      | Killed Terence
  1406 | D:2      | HP: 1/22 [acid (2)]
  1406 | D:2      | Slain by a bat

Illustrated notes

Levels and vault maps discovered:
D:1:      co_arrival_square_in_a_square_in_a_square, layout_basic
D:2:      layout_basic, basic_ecumenical_altar, minmay_misc_feat_four_crosses,
          uniq_jessica, uniq_terence

Skill      XL: |  1  2 |
---------------+-------+-----
Stealth        | 3 |  3.4
Fighting       | |  0.9
Dodging        | |  2.2
Spellcasting   | |  2.3
Conjurations   | |  1.5
Fire Magic     | |  3.6

Action                   || total
-------------------------++-------
Melee: Unarmed           ||     2
       Tentacles         ||     1
 Cast: Foxfire           ||    66
  Use: Potion            ||     1
Armor: Skin              ||     2
Dodge: Dodged            ||     5

Table legend: (Time is in decaauts)
 A = Elapsed time spent in this place.
 B = Non-inter-level travel time spent in this place.
 C = Inter-level travel time spent in this place.
 D = Time resting spent in this place.
 E = Time spent auto-exploring this place.
 F = Levels seen in this place.
 G = Mean time per level.
                   A        B        C        D        E       F      G
               +--------+--------+--------+--------+--------+-----+--------+
         Total |   1405 |   1399 |      6 |      0 |   1204 |   2 |  702.5 |
       Dungeon |   1405 |   1399 |      6 |      0 |   1204 |   2 |  702.5 |
               +--------+--------+--------+--------+--------+-----+--------+

Top non-repeatable levels by time:
     D:1: 1349 daAuts
     D:2: 55 daAuts
